Map: Ice and Chrome LE

Players

Geralt (Gerald)

  • Race: Protoss Protoss
  • League: Grandmaster
  • Spawn Location: 7:00

ShaDoWn - Winner!

  • Race: Protoss Protoss
  • Spawn Location: 1:00

Event: DreamHack SC2 Masters 2020 Summer Europe

VOD

Have the link to the VOD?

Description

Time

  • Played on: July 2, 2020, 11:43 a.m.
  • Length: 21:26

All games in this series

Show
View Real Time Build Order
Export as new Build Order

Geralt Protoss 

Build Orders:  

Get SALT Encoding   

  12  0:00  Probe  
  13  0:13  Probe  
  14  0:18  Pylon  
  14  0:23  Probe  
  15  0:32  Probe  
  15  0:38  Gateway  
  15  0:40  Probe  
  16  0:45  Assimilator  
  17  0:52  Probe  
  17  0:54  Assimilator  
  18  1:00  Probe  
  18  1:08  Probe  
  18  1:09  Gateway  
  20  1:18  Probe  
  21  1:26  Cybernetics Core  
  21  1:30  Probe  
  22  1:33  Pylon  
  22  1:42  Probe  
  23  1:56  Warp Gate, Probe  
  24  2:02  Stalker x2  
  24  2:07  Pylon  
  28  2:08  Probe  
  29  2:20  Probe  
  30  2:33  Adept x2, Probe  
  34  2:45  Probe  
  35  3:00  Nexus  
  35  3:01  Probe  
  36  3:11  Shield Battery  
  36  3:13  Probe  
  37  3:25  Probe  
  38  3:28  Pylon  
  38  3:31  Pylon  
  38  3:37  Twilight Council  
  38  3:48  Stalker x2  
  42  3:53  Probe  
  42  4:07  Probe  
  43  4:10  Probe  
  43  4:15  Probe, Pylon  
  44  4:21  Blink  
  44  4:22  Probe  
  44  4:23  Probe  
  45  4:34  Adept x2, Probe x2  
  49  4:40  Forge  
  49  4:45  Shield Battery  
  49  4:46  Pylon  
  49  4:48  Probe  
  49  4:50  Probe  
  51  4:53  Assimilator  
  51  5:01  Probe  
  51  5:02  Robotics Facility  
  51  5:04  Probe  
  53  5:13  Probe  
  54  5:14  Sentry  
  54  5:15  Stalker  
  54  5:16  Probe  
  59  5:24  Gateway  
  59  5:25  Gateway  
  59  5:28  Probe  
  59  5:34  Probe  
  58  5:38  Probe  
  58  5:39  Stalker x2  
  61  5:43  Protoss Ground Weapons Level 1  
  61  5:49  Gateway x2  
  62  5:52  Observer  
  62  5:56  Gateway  
  63  6:01  Gateway  
  63  6:03  Probe  
  64  6:15  Stalker x2  
  68  6:22  Pylon  
  68  6:23  Probe  
  68  6:24  Assimilator  
  69  6:32  Stalker x2  
  71  6:35  Pylon  
  73  6:42  Warp Prism  
  75  6:51  Nexus  
  75  6:55  Stalker  
  77  7:02  Stalker  
  77  7:03  Stalker  
  81  7:11  Stalker x2  
  81  7:12  Probe  
  81  7:14  Probe  
  87  7:20  Stalker  
  89  7:24  Probe  
  86  7:37  Observer  
  86  7:47  Stalker x5  
  96  7:54  Immortal  
  100  8:04  Pylon  
  100  8:07  Robotics Bay, Pylon  
  100  8:09  Pylon  
  100  8:12  Shield Battery  
  100  8:32  Stalker  
  100  8:33  Stalker x4  
  110  8:46  Photon Cannon  
  108  8:58  Stalker x2  
  108  8:59  Stalker x3  
  117  9:16  Probe  
  111  9:18  Probe  
  111  9:19  Stalker x2  
  111  9:20  Stalker  
  114  9:26  Disruptor  
  114  9:30  Probe  
  115  9:31  Photon Cannon  
  115  9:33  Probe  
  119  9:40  Probe  
  119  9:42  Probe  
  121  9:46  Photon Cannon  
  121  9:47  Probe  
  121  9:49  Probe  
  121  9:50  Probe  
  123  9:58  Stalker  
  123  9:59  Stalker  
  128  10:00  Probe  
  129  10:07  Probe x2  
  129  10:09  Dark Shrine  
  127  10:26  Disruptor  
  107  10:57  Protoss Ground Weapons Level 2  
  107  10:58  Disruptor  
  107  11:03  Stalker x7  
  117  11:11  Nexus  
  117  11:19  Probe  
  118  11:34  Pylon  
  118  11:36  Pylon  
  118  11:52  Probe x2  
  118  11:53  Observer  
  121  11:56  Photon Cannon  
  121  11:57  Dark Templar  
  121  11:58  Dark Templar x2  
  127  12:04  Dark Templar, Probe  
  127  12:05  Disruptor  
  129  12:18  Probe  
  130  12:26  Robotics Facility  
  128  12:39  Disruptor  
  128  12:40  Probe x2  
  128  12:42  Probe  
  121  12:56  Probe  
  122  12:58  Robotics Facility  
  122  13:03  Assimilator  
  122  13:04  Probe  
  122  13:05  Probe  
  124  13:06  Assimilator  
  124  13:12  Stalker  
  124  13:13  Stalker x4  
  124  13:14  Disruptor x2  
  141  13:20  Probe  
  141  13:25  Pylon  
  141  13:29  Dark Templar  
  143  13:39  Probe  
  143  13:40  Disruptor  
  144  13:42  Disruptor  
  140  13:49  Nexus  
  146  13:58  Pylon  
  146  13:59  Probe  
  146  14:00  Assimilator  
  145  14:04  Assimilator  
  145  14:08  Probe  
  144  14:17  Protoss Ground Weapons Level 3, Observer  
  144  14:20  Probe  
  144  14:21  Probe  
  146  14:27  Photon Cannon, Shield Battery  
  146  14:30  Probe  
  146  14:31  Charge  
  147  14:32  Probe  
  147  14:36  Pylon  
  146  14:49  Stalker x7  
  160  15:03  Disruptor  
  155  15:20  Stalker x7  
  169  15:34  Disruptor  
  152  15:38  Stalker  
  152  15:39  Disruptor  
  136  15:55  Stalker x2  
  136  15:56  Stalker x5  
  138  15:58  Probe  
  139  16:06  Dark Templar  
  131  16:24  Disruptor  
  134  16:30  Probe  
  134  16:32  Observer  
  135  16:33  Photon Cannon, Stalker x2, Shield Battery  
  135  16:34  Stalker  
  135  16:36  Stalker  
  143  16:41  Shield Battery  
  143  16:48  Disruptor  
  143  16:54  Dark Templar x2  
  136  17:11  Probe x3  
  138  17:17  Nexus  
  138  17:35  Stalker x2  
  124  17:38  Disruptor  
  118  17:58  Probe x2  
  108  18:01  Probe  
  109  18:12  Disruptor  
  112  18:14  Disruptor  
  112  18:23  Stalker x4  
  118  18:27  Probe x3  
  121  18:41  Probe  
  121  18:44  Probe x2  
  121  18:47  Dark Templar  
  127  18:48  Observer  
  127  18:49  Probe  
  128  18:56  Probe  
  111  19:06  Disruptor  
  99  19:12  Probe  
  98  19:40  Stalker  
  98  19:43  Disruptor  
  96  20:17  Stalker  
  96  20:18  Stalker  
  96  20:35  Stalker  
Show
View Real Time Build Order
Export as new Build Order

ShaDoWn Protoss - Winner!

Build Orders:  

Get SALT Encoding   

  12  0:01  Probe  
  13  0:13  Probe  
  14  0:17  Pylon  
  14  0:24  Probe  
  15  0:33  Probe  
  15  0:37  Gateway  
  15  0:41  Probe  
  16  0:46  Assimilator  
  17  0:52  Probe  
  17  0:54  Assimilator  
  18  1:00  Probe  
  19  1:08  Gateway, Probe  
  19  1:18  Probe  
  20  1:24  Cybernetics Core  
  21  1:30  Probe  
  22  1:35  Pylon  
  22  1:42  Probe  
  23  1:50  Warp Gate  
  23  1:54  Probe  
  23  2:00  Stalker x2  
  28  2:06  Pylon  
  28  2:30  Stalker x2  
  32  2:48  Nexus  
  32  2:50  Probe  
  32  3:00  Sentry x2  
  32  3:03  Probe  
  37  3:15  Probe  
  38  3:20  Pylon  
  38  3:27  Probe  
  38  3:33  Gateway  
  39  3:37  Pylon  
  39  3:39  Probe  
  40  3:42  Stalker  
  42  3:50  Stalker  
  42  3:51  Probe  
  43  3:58  Shield Battery  
  43  4:00  Probe  
  44  4:02  Shield Battery  
  44  4:03  Probe  
  45  4:13  Probe  
  45  4:16  Probe  
  45  4:24  Probe  
  45  4:26  Probe  
  47  4:32  Probe  
  47  4:33  Robotics Facility  
  47  4:34  Probe  
  49  4:40  Probe  
  49  4:42  Probe  
  49  4:43  Twilight Council  
  50  4:49  Adept x2, Probe  
  56  4:54  Probe  
  56  4:57  Probe  
  57  5:03  Forge  
  57  5:04  Shield Battery  
  57  5:05  Probe  
  57  5:06  Probe  
  60  5:15  Protoss Ground Weapons Level 1, Shield Battery, Probe  
  60  5:16  Blink  
  60  5:18  Probe  
  62  5:23  Probe  
  62  5:24  Assimilator  
  62  5:25  Assimilator  
  63  5:30  Probe  
  63  5:31  Probe  
  60  5:42  Probe  
  60  5:43  Stalker x2  
  60  5:44  Probe  
  65  5:54  Gateway x2  
  65  6:02  Gateway  
  65  6:11  Shield Battery  
  65  6:15  Nexus  
  65  6:18  Pylon  
  65  6:21  Shield Battery  
  65  6:23  Stalker  
  67  6:29  Stalker  
  69  6:41  Pylon  
  69  6:45  Gateway  
  69  6:47  Gateway  
  69  6:51  Shield Battery, Pylon  
  69  6:58  Pylon  
  69  7:03  Stalker x4  
  77  7:09  Sentry  
  77  7:11  Dark Shrine  
  77  7:13  Shield Battery  
  79  7:23  Protoss Ground Weapons Level 2  
  79  7:29  Stalker x4  
  87  7:40  Observer  
  87  7:42  Stalker  
  90  7:54  Stalker x3, Pylon  
  96  7:59  Pylon  
  96  8:06  Pylon  
  96  8:24  Dark Templar x5  
  105  8:49  Nexus  
  105  9:00  Stalker x2, Pylon  
  105  9:01  Observer  
  110  9:13  Probe x2  
  102  9:25  Probe x2  
  102  9:29  Stalker x5  
  112  9:37  Probe  
  113  9:43  Probe  
  113  9:45  Stalker x2  
  118  9:50  Photon Cannon  
  118  10:01  Probe  
  118  10:03  Stalker  
  118  10:04  Stalker x2  
  125  10:08  Stalker  
  125  10:11  Observer  
  128  10:26  Stalker x3  
  114  10:47  Stalker x4  
  116  10:59  Protoss Ground Weapons Level 3  
  116  11:02  Stalker x3  
  114  11:13  Stalker, Assimilator  
  114  11:14  Stalker x3  
  114  11:17  Assimilator  
  122  11:29  Sentry, Stalker x2  
  122  11:32  Shield Battery  
  128  11:37  Stalker x2  
  132  11:50  Pylon  
  132  11:51  Pylon  
  132  11:54  Pylon  
  132  11:55  Pylon  
  132  12:08  Photon Cannon  
  132  12:09  Photon Cannon  
  132  12:10  Stalker x7  
  146  12:23  Probe  
  146  12:25  Pylon  
  145  12:39  Stalker x5  
  145  13:05  Stalker x5  
  155  13:07  Nexus  
  155  13:20  Pylon  
  155  13:23  Pylon  
  155  13:27  Pylon  
  155  13:31  Robotics Bay  
  155  13:32  Robotics Facility  
  155  13:33  Stalker x3  
  160  13:49  Stalker x4  
  168  14:05  Stalker  
  168  14:06  Stalker x2  
  174  14:14  Shadow Stride  
  174  14:19  Probe  
  174  14:20  Probe x3  
  178  14:28  Stalker x4  
  186  14:32  Stalker  
  186  14:37  Probe  
  189  14:42  Photon Cannon  
  187  15:03  Stalker x6  
  191  15:17  Stalker  
  174  15:38  Stalker x6  
  186  15:47  Probe  
  173  15:50  Probe  
  173  15:56  Stalker  
  174  16:02  Gateway  
  174  16:04  Gateway  
  166  16:15  Observer  
  166  16:17  Dark Templar x5  
  173  16:21  Dark Templar x2  
  173  16:23  Probe  
  173  16:24  Protoss Shields Level 1  
  173  16:25  Assimilator x2  
  178  16:31  Pylon  
  178  16:32  Nexus  
  178  16:33  Gateway  
  178  16:35  Pylon  
  178  16:36  Observer  
  179  16:51  Stalker  
  179  16:52  Stalker x4  
  178  17:01  Observer  
  178  17:05  Stalker x4  
  186  17:17  Photon Cannon, Observer, Shield Battery  
  186  17:18  Stalker x3  
  186  17:19  Stalker x2  
  195  17:41  Stalker x3  
  195  17:56  Probe  
  190  17:59  Stalker x6  
  190  18:05  Probe  
  193  18:29  Assimilator x2  
  193  18:30  Stalker  
  193  18:31  Pylon  
  191  18:43  Stalker x4  
  191  18:47  Photon Cannon  
  181  19:09  Observer  
  163  19:13  Stalker x10  
  169  19:38  Stalker x2  
  169  19:39  Stalker x8  
  189  19:50  Disruptor x2  
  189  19:54  Photon Cannon x2  
  189  19:58  Shield Battery  
  189  20:02  Nexus, Pylon  
  187  20:25  Stalker x6  
  187  20:26  Stalker  
  199  20:47  Photon Cannon  
  199  20:48  Photon Cannon  
  199  20:50  Photon Cannon  
  199  20:51  Shield Battery  
  195  21:02  Stalker x6  
  195  21:03  Stalker x4  
Tags
 
Add a new tag
Caveats
  • Supply blocks, unpowered buildings, or Contaminate may cause inaccurate times.
  • Supply counts are checked every 10 seconds.